 Dungeon Crawl Stone Soup version 0.30-a0-1043-g60ff8d5f49 (webtiles) character file.

Game seed: 17895726503303218043

159 Lobster4 the Sneak (level 5, -1/37 HPs)
             Began as a Human Wanderer on Apr 10, 2023.
             Was a Follower of Fedhas.
             Slain by an orc priest
             ... wielding a +0 whip
              (3 damage)
             ... on level 2 of the Dungeon.
             The game lasted 00:08:07 (3150 turns).

Lobster4 the Sneak (Human Wanderer)                 Turns: 3150, Time: 00:08:07

Health: -1/37      AC:  5    Str:  9    XL:     5   Next: 68%
Magic:  4/7        EV: 13    Int: 14    God:    Fedhas [*.....]
Gold:   157        SH:  0    Dex: 16    Spells: 5/7 levels left

rFire   . . .      SeeInvis .    u - +0 short sword (spect)
rCold   . . .      Faith    .    (no shield)
rNeg    . . .      Spirit   .    c - +0 robe
rPois   .          Reflect  .    i - +0 helmet
rElec   .          Rampage  .    (no cloak)
rCorr   .                        (no gloves)
Will    .....                    d - +1 pair of boots
Stlth   +++                      (no amulet)
HPRegen 0.26/turn                (no ring)
MPRegen 0.10/turn                (no ring)

@: no status effects
A: no striking features
a: Renounce Religion


You were on level 2 of the Dungeon.
You worshipped Fedhas.
Fedhas was aware of your devotion.
You visited 1 branch of the dungeon, and saw 3 of its levels.

You collected 157 gold pieces.

Inventory:

Hand Weapons
 a - a +0 dagger
 m - a +2 short sword of holy wrath
 u - a +0 spectral short sword (weapon)
Missiles
 f - 49 stones (quivered)
 h - 5 atropa-tipped darts
 p - 2 throwing nets
 r - 7 boomerangs
Armour
 c - a +0 robe (worn)
 d - a +1 pair of boots (worn)
 g - a +0 leather armour
 i - a +0 helmet (worn)
Potions
 b - a potion of berserk rage
 j - a potion of flight {unknown}
 k - a potion of brilliance {unknown}
 l - a potion of curing
 o - a potion of heal wounds
 s - 2 potions of magic {unknown}


   Skills:
 + Level 1.4 Fighting
 + Level 0.9 Short Blades
 + Level 1.2 Throwing
 + Level 1.5 Armour
 + Level 2.6 Dodging
 - Level 4.0 Stealth
 + Level 1.7 Spellcasting
 + Level 2.0 Ice Magic
 + Level 2.6 Earth Magic
 + Level 1.0 Invocations


You had 5 spell levels left.
You knew the following spells:

 Your Spells              Type           Power      Damage    Failure   Level
a - Sandblast             Erth           16%        2d6       9%          1
b - Freeze                Ice            24%        1d4       11%         1

Your spell library contained the following spells:

 Spells                   Type           Power      Damage    Failure   Level
 Passwall                 Tmut/Erth      3%         N/A       22%         2
 Apportation              Tloc           2%         N/A       24%         1
 Necrotise                Necr           4%         1d4       24%         1
 Summon Small Mammal      Summ           4%         N/A       24%         1
 Hailstorm                Conj/Ice       4%         3d4       43%         3
 Petrify                  Tmut/Erth      4%         N/A       82%         4


Dungeon Overview and Level Annotations

Branches:
Dungeon (3/15)

Altars:
Fedhas


Message History

You barely miss the orc priest.
The orc priest is moderately wounded.
Your +0 spectral short sword barely misses the orc priest.
The orc priest hits you with a +0 whip.
You hit the orc priest but do no damage.
The orc priest is moderately wounded.
Your +0 spectral short sword hits the orc priest but does no damage.
The orc priest hits you with a +0 whip.
You barely miss the orc priest.
The orc priest is moderately wounded.
Your +0 spectral short sword hits the orc priest but does no damage.
The orc priest hits you with a +0 whip.
Casting: Sandblast (safe; 9% risk of failure)
Confirm with . or Enter, or press ? or * to list all spells.
Aiming: Sandblast (safe; 9% risk of failure)
Press: ? - help, Shift-Dir - straight line, f - orc priest
Aim: an orc priest, wielding a +0 whip and wearing a +0 ring mail (moderately wounded, 83% to hit)
The blast of sand misses the orc priest.
The orc priest hits you with a +0 whip.
The orc priest mumbles some strange prayers to Beogh against you.
Pain shoots through your body!
* * * LOW HITPOINT WARNING * * *
Casting: Sandblast (safe; 9% risk of failure)
Confirm with . or Enter, or press ? or * to list all spells.
Aiming: Sandblast (safe; 9% risk of failure)
Press: ? - help, Shift-Dir - straight line, f/p - orc priest
Aim: an orc priest, wielding a +0 whip and wearing a +0 ring mail (moderately wounded, 83% to hit)
The blast of sand hits the orc priest.
The orc priest is heavily wounded.
The orc priest closely misses you.
Casting: Sandblast (safe; 9% risk of failure)
Confirm with . or Enter, or press ? or * to list all spells.
Aiming: Sandblast (safe; 9% risk of failure)
Press: ? - help, Shift-Dir - straight line, f/p - orc priest
Aim: an orc priest, wielding a +0 whip and wearing a +0 ring mail (heavily wounded, 83% to hit)
The blast of sand hits the orc priest but does no damage.
The orc priest is heavily wounded.
The orc priest hits you with a +0 whip.
You die...
Fedhas appreciates your contribution to the ecosystem.

###### ########
#..... #.....o#
#.#### #....@.###
#.# #...)†.'.# #.#
#......#.#### #.#
#......#....# #.#
#####'#####.# #.#
#.#####.#####.#
#.#.........#.####
#.#.####..........
###'#+##
####.#.####


You could see an orc priest.

Vanquished Creatures
  An orc priest (D:3)
  3 gnolls (D:3)
  4 adders
  A worm (D:2)
  A dart slug (D:1)
  6 orcs
  5 ball pythons
  6 bats
  4 endoplasms
  A giant cockroach (D:3)
  4 goblins
  6 hobgoblins
  5 kobolds
  2 quokkas
  2 frilled lizards
  5 rats
56 creatures vanquished.

Notes
Turn   | Place    | Note
-------+----------+-------------------------------------------
     0 | D:1      | Lobster4 the Human Wanderer began the quest for the Orb.
     0 | D:1      | Lobster4 set off with the following items: a +0 dagger, a
                  | potion of berserk rage, a +0 robe, a +0 pair of boots; and
                  | the following spells available to memorise: Sandblast,
                  | Freeze, Passwall, Hailstorm, Petrify.
     0 | D:1      | Reached XP level 1. HP: 13/13 MP: 2/2
     2 | D:1      | Learned a level 1 spell: Sandblast
   251 | D:1      | Reached XP level 2. HP: 19/19 MP: 0/3
   253 | D:1      | Learned a level 1 spell: Freeze
  1042 | D:2      | Reached XP level 3. HP: 25/25 MP: 2/4
  1071 | D:2      | Found a blossoming altar of Fedhas.
  1080 | D:2      | Became a worshipper of Fedhas Madash
  1132 | D:2      | Reached skill level 1 in Armour
  1701 | D:2      | Reached skill level 1 in Fighting
  1724 | D:2      | Reached XP level 4. HP: 32/32 MP: 2/6
  2010 | D:3      | Reached * piety under Fedhas
  2201 | D:3      | Reached XP level 5. HP: 34/37 MP: 1/7
  2568 | D:2      | Reached skill level 1 in Throwing
  2923 | D:3      | Reached skill level 1 in Invocations
  3148 | D:2      | HP: 1/37 [orc priest/nerve-wracking pain (14)]
  3150 | D:2      | Slain by an orc priest

Illustrated notes

Levels and vault maps discovered:
D:1:      psy_arrival_spokes, layout_basic
D:2:      layout_basic, basic_altar
D:3:      layout_basic, hellmonk_okawaru_the_only_friend_you_need

Skill      XL: |  1  2  3  4  5 |
---------------+----------------+-----
Armour         | 1 |  1.5
Fighting       | 1 |  1.4
Throwing       | 1 |  1.2
Ice Magic      | 2 |  2.0
Invocations    | 1 |  1.0
Short Blades   | |  0.9
Dodging        | |  2.6
Stealth        | |  4.0
Spellcasting   | |  1.7
Earth Magic    | |  2.6

Action                     |  1- 3 |  4- 6 || total
---------------------------+-------+-------++-------
  Melee: Dagger            |    23 |       ||    23
         Punch             |     1 |     1 ||     2
         Short sword       |     7 |    34 ||    41
  Throw: Boomerang         |       |     8 ||     8
   Cast: Sandblast         |    35 |    57 ||    92
         Freeze            |     3 |     5 ||     8
    Use: Scroll            |       |     6 ||     6
   Stab: Sleeping          |     2 |       ||     2
         Distracted        |       |     1 ||     1
 Armour: Robe              |     6 |    21 ||    27
  Dodge: Dodged            |    45 |    45 ||    90

Table legend: (Time is in decaauts)
 A = Elapsed time spent in this place.
 B = Non-inter-level travel time spent in this place.
 C = Inter-level travel time spent in this place.
 D = Time resting spent in this place.
 E = Time spent auto-exploring this place.
 F = Levels seen in this place.
 G = Mean time per level.
                   A        B        C        D        E       F      G
               +--------+--------+--------+--------+--------+-----+--------+
         Total |   3197 |   2965 |    232 |    363 |   1955 |   3 | 1065.7 |
       Dungeon |   3197 |   2965 |    232 |    363 |   1955 |   3 | 1065.7 |
               +--------+--------+--------+--------+--------+-----+--------+

Top non-repeatable levels by time:
     D:2: 1192 daAuts
     D:3: 1007 daAuts
     D:1: 997 daAuts
